 Dungeon Crawl Stone Soup version 0.28.0-47-ge53b351184 (webtiles) character file.

Game seed: 11364844698299052234

133 Gabide the Grasshopper (level 5, -2/41 HPs)
             Began as a Human Warper on May 9, 2022.
             Killed from afar by a white imp (10 damage)
             ... with a puff of frost
             ... summoned by Natasha
             ... on level 2 of the Dungeon.
             The game lasted 00:05:40 (3446 turns).

Gabide the Grasshopper (Human Warper)               Turns: 3446, Time: 00:05:40

Health: -2/41      AC:  6    Str: 14    XL:     5   Next: 39%
Magic:  8/8        EV: 12    Int: 13    God:
Gold:   150        SH:  0    Dex: 12    Spells: 6/8 levels left

rFire   . . .      SeeInvis .   h - +0 spear (distort)
rCold   . . .      Faith    .   (no shield)
rNeg    . . .      Spirit   .   b - +0 leather armour
rPois   .          Reflect  .   (no helmet)
rElec   .          Harm     .   (no cloak)
rCorr   .          Rampage  .   m - +2 pair of gloves
Will    .....                   (no boots)
Stlth   +.........              (no amulet)
HPRegen 0.13/turn               (no ring)
MPRegen 0.11/turn               (no ring)

@: no status effects
A: no striking features
a: no special abilities


You were on level 2 of the Dungeon.
You visited 1 branch of the dungeon, and saw 3 of its levels.

You collected 150 gold pieces.

Inventory:

Hand Weapons
 a - a +0 spear
 h - a +0 spear of distortion (weapon)
Armour
 b - a +0 leather armour (worn)
 m - a +2 pair of gloves (worn)
Scrolls
 e - 3 scrolls of identify {unknown}
 j - a scroll of vulnerability {unknown}
 k - a scroll of torment {unknown}
 o - a scroll of teleportation {unknown}
Potions
 d - a potion of mutation {unknown}
 f - a potion of invisibility {unknown}
 g - a potion of curing {unknown}
 i - a potion of haste {unknown}
 l - a potion of attraction {unknown}
 n - 2 potions of cancellation {unknown}


   Skills:
 * Level 3.1 Fighting
 * Level 2.8 Polearms
 - Level 1.0 Throwing
 * Level 2.0 Armour
 * Level 2.8 Dodging
 + Level 2.2 Spellcasting
 + Level 3.3 Translocations


You had 6 spell levels left.
You knew the following spells:

 Your Spells              Type           Power      Damage    Failure   Level
a - Blink                 Tloc           20%        N/A       12%         2

Your spell library contained the following spells:

 Spells                   Type           Power      Damage    Failure   Level
 Gell's Gravitas          Tloc           10%        N/A       22%         3
 Lesser Beckoning         Tloc           10%        N/A       22%         3
 Teleport Other           Tloc           10%        N/A       22%         3
 Manifold Assault         Tloc           10%        N/A       91%         5


Dungeon Overview and Level Annotations

Branches:
Dungeon (3/15)

Altars:

Annotations:
D:2 Natasha
D:3 Robin


Message History

You are too injured to fight recklessly!
You are too injured to fight recklessly!
You are too injured to fight recklessly!
You are too injured to fight recklessly!
You are too injured to fight recklessly!
You are too injured to fight recklessly!
You are too injured to fight recklessly!
You are too injured to fight recklessly!
You are too injured to fight recklessly!
You are too injured to fight recklessly!
You are too injured to fight recklessly!
You are too injured to fight recklessly!
Really wield
h - a +0 spear of distortion?
Space warps around you for a moment!
h - a +0 spear of distortion (weapon)
Natasha barely misses you. The white imp barely misses you.
You barely miss Natasha.
Natasha is heavily wounded.
Natasha misses you. The white imp gestures at you. The puff of frost hits you!
* * * LOW HITPOINT WARNING * * *
You hit Natasha.
Space warps around Natasha.
Natasha is severely wounded.
Natasha claws you.
* * * LOW HITPOINT WARNING * * *
The shadow imp hits you.
* * * LOW HITPOINT WARNING * * *
The white imp barely misses you.
Okay, then.
Okay, then.
Blink to where?
Press: ? - help, Dir - move target
As you read the scroll of blinking, it crumbles to dust.
The white imp gestures at you. The puff of frost misses you.
Natasha casts a spell.
The white imp gestures at you. The puff of frost hits you!
You die...

## #.# #................## # )#
#.########.)).........#.### #
.###.......)h5#>........##..# ###
...#..######.##.......#.##<.###..
......#####.5##..............##..
........##..###......####.......#
.####...#..## #......###.....>#.#
..# #.....######..........#.#...#
..###[...h55....@...###.........#
..#....#.########........#..#....
#.#.#.##....#####<....##......#..
....#.#####...#.....#.##.#.....#.
......# ##........#.#..##.....#
......#####...............>.##..#
....................#....######.#
...........#####.................
.................................


You could see Natasha, a white imp (summoned) and a shadow imp (summoned).

Vanquished Creatures
  Natasha (D:2)
  4 adders
  A worm (D:2)
  A dart slug (D:1)
  4 endoplasms
  5 giant cockroaches
  15 goblins
  5 hobgoblins
  4 kobolds
  5 quokkas
  7 ball pythons
  2 bats (D:2)
  4 frilled lizards
  4 rats
62 creatures vanquished.

Notes
Turn   | Place    | Note
-------+----------+-------------------------------------------
     0 | D:1      | Gabide the Human Warper began the quest for the Orb.
     0 | D:1      | Reached XP level 1. HP: 16/16 MP: 3/3
   224 | D:1      | Reached XP level 2. HP: 20/22 MP: 5/5
   843 | D:1      | Reached XP level 3. HP: 23/28 MP: 6/6
  1432 | D:1      | Learned a level 2 spell: Blink
  1610 | D:2      | Reached XP level 4. HP: 8/34 MP: 7/7
  2705 | D:2      | Found a faded altar of an unknown god.
  3197 | D:3      | Noticed Robin
  3201 | D:3      | Reached XP level 5. HP: 40/40 MP: 8/8
  3209 | D:3      | Noticed Natasha
  3364 | D:2      | Killed Natasha
  3426 | D:2      | Noticed Natasha
  3446 | D:2      | Killed from afar by a white imp

Illustrated notes

Levels and vault maps discovered:
D:1:      dpeg_arrival_solitude, layout_loops_cross
D:2:      layout_rooms, shapermc_ecumenical_altar_notcrosses,
          minmay_misc_feat_nine_boxes, serial_park_tiny_pond,
          minmay_door_square, minmay_heptomino_o4
D:3:      layout_loops_ring, minmay_misc_feat_square, uniq_natasha, uniq_robin

Skill      XL: |  1  2  3  4  5 |
---------------+----------------+-----
Fighting       | 3 |  3.1
Armour         | 2 |  2.0
Polearms       | |  2.8
Throwing       | |  1.0
Dodging        | |  2.8
Spellcasting   | |  2.2
Translocations | |  3.3

Action                   |  1- 3 |  4- 6 || total
-------------------------+-------+-------++-------
Melee: Spear             |   123 |   138 ||   261
       Punch             |     2 |     1 ||     3
Throw: Boomerang         |     5 |       ||     5
  Use: Scroll            |       |     1 ||     1
 Stab: Sleeping          |     2 |       ||     2
       Distracted        |     1 |       ||     1
Armor: Leather armour    |    34 |    40 ||    74
Dodge: Dodged            |    66 |    72 ||   138
